 Dungeon Crawl Stone Soup version 0.31-a0-965-g8a8ce12e04 (webtiles) character file.

Game seed: 8214968314583758147

165 Maxmaps the Sneak (level 5, -14/36 HPs)
             Began as an Octopode Monk on Oct 26, 2023.
             Demolished by a sleepcap (19 damage)
             ... on level 3 of the Dungeon.
             The game lasted 00:01:37 (1747 turns).

Maxmaps the Sneak (Octopode Monk)                   Turns: 1747, Time: 00:01:37

Health: -14/36     AC:  1    Str: 10    XL:     5   Next: 46%
Magic:  5/5        EV:  2    Int: 14    God:
Gold:   66         SH:  0    Dex: 15    Spells: 4/4 levels left

rFire   . .          .
                       - Unarmed
rCold   . . .        (no shield)
rNeg    . . .        (helmet restricted)
rPois   +            k - amulet of magic regeneration
rElec   .            i - ring of poison resistance
rCorr   .            (no ring)
SInv    .            (no ring)
Will    .....        (no ring)
Stlth   +++++        (no ring)
HPRegen 0.26/turn    (no ring)
MPRegen 0.49/turn    (no ring)
                     (no ring)

%: no passive effects
@: sleeping
A: almost no armour, amphibious, 8 rings, camouflage 1, gelatinous body 1,
(nimble swimmer 1), tentacles
a: no special abilities


You were on level 3 of the Dungeon.
You visited 1 branch of the dungeon, and saw 3 of its levels.

You collected 131 gold pieces.
You spent 65 gold pieces at shops.

Inventory:

Armour
 b - an orb of light
Jewellery
 i - a ring of poison resistance (left tentacle)
 k - an amulet of magic regeneration (around mantle)
Scrolls
 c - a scroll of revelation {unknown}
 d - a scroll of noise {unknown}
 g - a scroll of teleportation {unknown}
 h - a scroll of identify {unknown}
 m - a scroll of blinking {unknown}
Potions
 a - a potion of ambrosia
 e - a potion of berserk rage
 f - 2 potions of mutation {unknown}
 j - 2 potions of curing {unknown}
 l - a potion of experience {unknown}


   Skills:
 - Level 3.0 Fighting
 - Level 3.0 Dodging
 + Level 7.3 Stealth
 - Level 3.0 Unarmed Combat


You had 4 spell levels left.
You didn't know any spells.
Your spell library was empty.

Dungeon Overview and Level Annotations

Branches:
Dungeon (3/15)

Altars:

Shops:
D:1 ![:(


Innate Abilities, Weirdness & Mutations

You cannot wear most types of armour.
You are amphibious.
You can wear up to eight rings at the same time.
Your skin changes colour to match your surroundings (Stealth+).
Your rubbery body absorbs attacks. (AC +1, EV +1)
((You are camouflaged when in or above water. (Stealth+)))
You have tentacles for arms and can constrict up to eight enemies at once.


Message History

You are unaffected.
You tentacle-slap the sleepcap.
The sleepcap is moderately damaged.
You constrict the sleepcap. The sleepcap releases spores at you.
You are too injured to fight recklessly!
Unknown command.
You are too injured to fight recklessly!
You are too injured to fight recklessly!
Unknown command.
You tentacle-slap the sleepcap.
The sleepcap is moderately damaged.
You constrict the sleepcap, but do no damage.
The sleepcap releases spores at you!
* * * LOW HITPOINT WARNING * * *
You are engulfed in a cloud of soporific spores!
You are unaffected.
You tentacle-slap the sleepcap.
The sleepcap is heavily damaged.
You constrict the sleepcap.
You tentacle-slap the sleepcap but do no damage.
You squeeze the sleepcap, but do no damage.
The sleepcap is heavily damaged.
You constrict the sleepcap. The sleepcap barely misses you.
Unknown command.
You tentacle-slap the sleepcap but do no damage.
You squeeze the sleepcap, but do no damage.
The sleepcap is heavily damaged.
You constrict the sleepcap. The sleepcap barely misses you.
Unknown command.
You tentacle-slap the sleepcap but do no damage.
You squeeze the sleepcap.
The sleepcap is severely damaged.
You constrict the sleepcap. The sleepcap releases spores at you.
* * * LOW HITPOINT WARNING * * *
You are engulfed in a cloud of soporific spores!
You fall asleep.
You lose your grip on the sleepcap.
The sleepcap releases spores at you!!
Ouch! That really hurt!
You die...

###.### ... .....#
... #...# #.#
####...####.#
#.........#.######
#................#
#......[..#.####.#
####...####..#
#.!.@.# ##.# #.#.f.#
#.# # #.### #)# ..
#.# ... #.# ....
##.######### ##S..
#...........
#.$..#####..#########
........##.......


You could see a sleepcap and an adder (asleep).

Vanquished Creatures
  Jessica (D:2)
  Natasha (thrice) (D:2)
  2 adders (D:2)
  2 worms (D:2)
  6 bats
  6 endoplasms
  A giant cockroach (D:1)
  5 hobgoblins
  4 jackals (D:1)
  4 quokkas
  2 ball pythons
  2 goblins
  3 kobolds
  3 rats
44 creatures vanquished.

Notes
Turn   | Place    | Note
-------+----------+-------------------------------------------
     0 | D:1      | Maxmaps the Octopode Monk began the quest for the Orb.
     0 | D:1      | Reached XP level 1. HP: 16/16 MP: 1/1
    25 | D:1      | Found Rabitio's Book Shoppe.
    48 | D:1      | Reached skill level 1 in Stealth
    59 | D:1      | Reached skill level 2 in Stealth
    61 | D:1      | Reached XP level 2. HP: 10/21 MP: 2/2
   129 | D:1      | Found Ugegail's Antique Weapon Shop.
   367 | D:1      | Found Xishroig's Antique Armour Shop.
   371 | D:1      | Reached skill level 3 in Stealth
   411 | D:1      | Found Vextusuxe's Distillery.
   427 | D:1      | Bought a potion of berserk rage for 65 gold pieces
   631 | D:1      | Reached XP level 3. HP: 21/26 MP: 3/3
   803 | D:2      | Noticed Jessica
   810 | D:2      | Killed Jessica
   811 | D:2      | Reached skill level 4 in Stealth
   865 | D:2      | Reached skill level 5 in Stealth
   923 | D:2      | Reached XP level 4. HP: 31/31 MP: 4/4
  1001 | D:2      | Found a faded altar of an unknown god.
  1052 | D:2      | Noticed Natasha
  1057 | D:2      | Killed Natasha
  1058 | D:2      | Reached skill level 6 in Stealth
  1237 | D:2      | Noticed Natasha
  1248 | D:2      | Killed Natasha
  1249 | D:2      | Reached XP level 5. HP: 27/36 MP: 5/5
  1426 | D:2      | Noticed Natasha
  1435 | D:2      | Killed Natasha
  1436 | D:2      | Reached skill level 7 in Stealth
  1747 | D:3      | Demolished by a sleepcap

Illustrated notes

Levels and vault maps discovered:
D:1:      dpeg_arrival_tiny_d, layout_basic, serial_shops, shop, shop, shop,
          nicolae_diamond_shop, minmay_fountain_box
D:2:      layout_rooms, hellmonk_ecumenical_altar_leap_of_faith,
          roderic_roman_lattice, uniq_jessica, uniq_natasha
D:3:      layout_loops_ring, uniq_sigmund, uniq_ijyb, uniq_terence

Skill      XL: |  1  2  3  4  5 |
---------------+----------------+-----
Stealth        | 2 3 5 6 7 |  7.3
Fighting       | |  3.0
Dodging        | |  3.0
Unarmed Combat | |  3.0

Action                     |  1- 3 |  4- 6 || total
---------------------------+-------+-------++-------
  Melee: Unarmed           |    65 |    54 ||   119
         Constrict         |    16 |    14 ||    30
         Tentacles         |    17 |    12 ||    29
         Punch             |       |     2 ||     2
   Stab: Sleeping          |     9 |     7 ||    16
 Armour: Skin              |    18 |    21 ||    39
  Dodge: Dodged            |    52 |    25 ||    77

Table legend: (Time is in decaauts)
 A = Elapsed time spent in this place.
 B = Non-inter-level travel time spent in this place.
 C = Inter-level travel time spent in this place.
 D = Time resting spent in this place.
 E = Time spent auto-exploring this place.
 F = Levels seen in this place.
 G = Mean time per level.
                   A        B        C        D        E       F      G
               +--------+--------+--------+--------+--------+-----+--------+
         Total |   1750 |   1653 |     97 |      0 |   1337 |   3 |  583.3 |
       Dungeon |   1750 |   1653 |     97 |      0 |   1337 |   3 |  583.3 |
               +--------+--------+--------+--------+--------+-----+--------+

Top non-repeatable levels by time:
     D:1: 800 daAuts
     D:2: 700 daAuts
     D:3: 249 daAuts
